 Dungeon Crawl Stone Soup version 0.15.0-18-g9076a4f (webtiles) character file.

302 Leibowitz the Insei (level 6, -3/48 HPs)
             Began as a Demonspawn Monk on Sept 7, 2014.
             Slain by an orc warrior
             ... wielding a +0 flail
              (4 damage)
             ... on Level 4 of the Dungeon.
             The game lasted 00:08:24 (2887 turns).

Leibowitz the Insei (Demonspawn Monk)               Turns: 2887, Time: 00:08:26

HP  -3/48        AC  3     Str 18      XL: 6   Next: 14%
MP   0/6         EV 14     Int 17      God:
Gold 84          SH  0     Dex 15      Spells:  0 memorised,  5 levels left

rFire  . . .     SeeInvis .       - Unarmed
rCold  . . .     Clarity  .     a - +0 robe
rNeg   . . .     rCorr    .     (no shield)
rPois  .         rRot     .     h - +0 helmet
rElec  .         Spirit   +     (no cloak)
SustAb .         Warding  .     (no gloves)
rMut   .         Stasis   .     (no boots)
Gourm  .                        (no amulet)
MR     .....                    (no ring)
                                (no ring)

@: mighty, brilliant, not resistant to hostile enchantments, unstealthy
A: claws 1, hooves 1, magic shield, magic regeneration
a: no special abilities


You were on level 4 of the Dungeon.
You were not hungry.

You visited 1 branch of the dungeon, and saw 4 of its levels.

You collected 84 gold pieces.

Inventory:

Armour
 a - a +0 robe (worn)
 h - a +0 helmet (worn)
Magical devices
 o - a wand of fireball (0)
Comestibles
 b - 2 bread rations
 d - 2 meat rations
 i - a beef jerky
 n - a royal jelly
 s - a slice of pizza
Scrolls
 c - 7 scrolls of identify {unknown}
 e - a scroll of random uselessness {unknown}
 f - 3 scrolls of blinking {unknown}
 g - a scroll of noise {unknown}
 j - 4 scrolls of remove curse {unknown}
 k - a scroll of immolation {unknown}
 p - a scroll of magic mapping {unknown}
Potions
 t - a potion of poison {unknown}


   Skills:
 + Level 4.1 Fighting
 + Level 4.3 Dodging
 + Level 2.8 Stealth
 + Level 4.6 Unarmed Combat
 + Level 0.9 Evocations


You had 5 spell levels left.
You didn't know any spells.

Dungeon Overview and Level Annotations

Branches:
Dungeon (4/15)
 Temple: D:4-7

Altars:
Cheibriados
Makhleb
Nemelex Xobeh
Okawaru
Vehumet


Innate Abilities, Weirdness & Mutations

You have sharp fingernails.
You have large cloven feet.
When hurt, damage is shared between your health and your magic reserves.
You regenerate magic rapidly.


Message History

* * * LOW HITPOINT WARNING * * *
Drink which item? (? for menu, Esc to quit)
You feel better. The orc warrior hits you with a flail!
* * * LOW HITPOINT WARNING * * *
Evoke which item? (* to show all) (? for menu, Esc to quit)
Okay, then.
Drink which item? (? for menu, Esc to quit)
You feel clever all of a sudden.
It was a potion of brilliance.
Drink which item? (? for menu, Esc to quit)
You feel very mighty all of a sudden.
It was a potion of might.
The orc warrior hits you with a flail!
* * * LOW HITPOINT WARNING * * *
There is an open door here.
Things that are here:
a dagger; a kobold corpse Drink which item? (? for menu, Esc to quit)
You feel refreshed.
It was a potion of restore abilities.
The orc warrior hits you with a flail.
You die...

######### .........# ######
####### .........####..o.#
#.....
............#.##@####.#.#.#.#.#
......................(.......>
........#...........+#.#.#.#.#
#####..#............# ...
...#...........)...# .#.#
##.#.#.............# (....
##..................# .# #.#
.......#.............# ## .
.#####....##.........#


You could see an orc warrior.

Vanquished Creatures
  Grinder (D:3)
  An adder (D:3)
  A worm (D:3)
  An ooze (D:2)
  4 orcs
  A giant cockroach (D:1)
  8 hobgoblins
  11 jackals
  6 bats
  8 goblins
  3 kobolds
  A quokka skeleton (D:4)
  11 rats
57 creatures vanquished.

Notes
Turn   | Place    | Note
--------------------------------------------------------------
     0 | D:1      | Leibowitz, the Demonspawn Monk, began the quest for the Orb.
     0 | D:1      | Reached XP level 1. HP: 18/18 MP: 1/1
   352 | D:1      | Gained mutation: When hurt, damage is shared between your health and your magic reserves. [demonic ancestry]
   352 | D:1      | Reached XP level 2. HP: 21/24 MP: 2/2
   927 | D:2      | Found a radiant altar of Vehumet.
  1127 | D:2      | Reached skill level 4 in Unarmed Combat
  1289 | D:2      | Found an iron altar of Okawaru.
  1405 | D:2      | Found a burning altar of Makhleb.
  1405 | D:2      | Noticed an Executioner
  1492 | D:2      | Gained mutation: You regenerate magic rapidly. [demonic ancestry]
  1492 | D:2      | Reached XP level 3. HP: 29/29 MP: 3/3
  1782 | D:2      | Found a sparkling altar of Nemelex Xobeh.
  2418 | D:3      | Noticed Grinder
  2419 | D:3      | Paralysed by Grinder for 2 turns
  2438 | D:3      | Paralysed by Grinder for 6 turns
  2458 | D:3      | Killed Grinder
  2458 | D:3      | Gained mutation: You have sharp fingernails. [demonic ancestry]
  2458 | D:3      | Reached XP level 4. HP: 9/37 MP: 2/4
  2458 | D:3      | Gained mutation: You have large cloven feet. [demonic ancestry]
  2458 | D:3      | Reached XP level 5. HP: 10/42 MP: 2/5
  2458 | D:3      | Reached XP level 6. HP: 11/48 MP: 2/6
  2749 | D:3      | Found a snail-covered altar of Cheibriados.
  2885 | D:4      | HP: 1/48 [orc warrior/flail (11)]
  2887 | D:4      | Slain by an orc warrior

Action                   |  1- 3 |  4- 6 || total
-------------------------+-------+-------++-------
Melee: Unarmed           |   203 |    22 ||   225
Evoke: Wand              |     6 |       ||     6
  Use: Potion            |     1 |     4 ||     5
 Stab: Sleeping          |     7 |       ||     7
  Eat: Chunk             |     5 |     1 ||     6
